 Dungeon Crawl Stone Soup version 0.31-a0-83-gbff143cfd1 (webtiles) character file.

Game seed: 4646431847969185128

105 frimble the Ducker (level 4, -3/29 HPs)
             Began as an Octopode Warper on May 24, 2023.
             Killed by divine providence
             ... invoked by an orc priest
              (15 damage)
             ... on level 3 of the Dungeon.
             The game lasted 00:01:44 (1933 turns).

frimble the Ducker (Octopode Warper)                Turns: 1933, Time: 00:01:45

Health: -3/29      AC:  1    Str: 10    XL:     4   Next: 83%
Magic:  25/25      EV: 13    Int: 17    God:
Gold:   85         SH:  0    Dex: 11    Spells: 5/7 levels left

rFire   . . .        i - +2 dagger (freeze)
rCold   . . .        (no shield)
rNeg    . . .        (helmet restricted)
rPois   .            (no amulet)
rElec   .            f - ring of magical power
rCorr   .            j - ring of magical power
SInv    .            (no ring)
Will    .....        (no ring)
Stlth   +++          (no ring)
HPRegen 0.24/turn    (no ring)
MPRegen 0.19/turn    (no ring)
                     (no ring)

%: no passive effects
@: no status effects
A: almost no armour, amphibious, 8 rings, camouflage 1, gelatinous body 1,
(nimble swimmer 1), tentacles
a: no special abilities


You were on level 3 of the Dungeon.
You visited 1 branch of the dungeon, and saw 3 of its levels.

You collected 85 gold pieces.

Inventory:

Hand Weapons
 a - a +0 short sword
 i - a +2 dagger of freezing (weapon)
Missiles
 c - 4 boomerangs of dispersal (quivered)
Jewellery
 f - a ring of magical power (left tentacle)
 j - a ring of magical power (right tentacle)
Scrolls
 b - a scroll of blinking
 e - 2 scrolls of vulnerability
 h - a scroll of torment {unknown}
Potions
 d - a potion of cancellation
 g - a potion of curing
 k - a potion of brilliance {unknown}
 l - a potion of attraction {unknown}


   Skills:
 - Level 2.2 Fighting
 + Level 3.1 Short Blades
 - Level 1.3 Throwing
 + Level 3.2 Dodging
 + Level 2.6 Stealth
 - Level 2.1 Spellcasting
 - Level 3.1 Translocations


You had 5 spell levels left.
You knew the following spells:

 Your Spells              Type           Power      Damage    Failure   Level
a - Blink                 Tloc           24%        N/A       8%          2

Your spell library contained the following spells:

 Spells                   Type           Power      Damage    Failure   Level
 Lesser Beckoning         Tloc           24%        N/A       8%          2
 Teleport Other           Tloc           12%        N/A       16%         3
 Magic Dart               Conj           4%         1d3       19%         1
 Searing Ray              Conj           2%         2d4       28%         2
 Vhi's Electric Charge    Tloc/Air       12%        N/A       32%         3
 Manifold Assault         Tloc           12%        N/A       45%         4
 Fulminant Prism          Conj/Hex       0%         3d5       91%         4


Dungeon Overview and Level Annotations

Branches:
Dungeon (3/15)

Altars:


Innate Abilities, Weirdness & Mutations

You cannot wear most types of armour.
You are amphibious.
You can wear up to eight rings at the same time.
Your skin changes colour to match your surroundings (Stealth+).
Your rubbery body absorbs attacks. (AC +1, EV +1)
((You are camouflaged when in or above water. (Stealth+)))
You have tentacles for arms and can constrict up to eight enemies at once.


Message History

The adder attacks as you move away! The adder bites you.
An adder comes into view.
Found an escape hatch in the ceiling.
The orc priest invokes the aid of Beogh against you.
Beogh smites you!
Ouch! That really hurt!
* * * LOW HITPOINT WARNING * * *
The adder bites you.
* * * LOW HITPOINT WARNING * * *
You closely miss the adder. You grab the adder. You constrict the adder.
The adder closely misses you.
It was a potion of curing.
You feel better.
You constrict the adder. The adder barely misses you.
You barely miss the adder.
The adder is lightly wounded.
You constrict the adder. The adder barely misses you.
You barely miss the adder.
The adder is moderately wounded.
You constrict the adder. The adder barely misses you.
You hit the adder.
The adder seems to slow down.
You freeze the adder. Your squeeze misses the adder.
The adder is severely wounded.
You constrict the adder. The adder closely misses you.
You barely miss the adder. You squeeze the adder.
You kill the adder!
You closely miss the orc. Your grab misses the orc.
Your squeeze misses the orc. The orc hits you with a +0 dagger.
You closely miss the orc. Your grab misses the orc.
The orc priest looks satisfied for a moment.
The orc hits you with a +0 dagger.
You hit the orc. You freeze the orc. You grab the orc.
You squeeze the orc, but do no damage.
The orc is heavily wounded.
You constrict the orc. The orc closely misses you.
You hit the orc. You freeze the orc.
You kill the orc!
The orc priest mumbles some strange prayers to Beogh against you.
Beogh smites you!
Ouch! That really hurt!
You die...

# ######## # #..
#......# ###
#..##......# ##..
#.....))...###..# #
#.##......##..## ...
#..#......#.....
<....#####.#†........###
.......@)o........#..#
....#####........?##.. S
#...)......:##.
#..####.....[..## ....#
#..........
#......(..........
##....#...........
#.......##....S...
..###... .....o...


You could see an orc priest and an adder (asleep).

Vanquished Creatures
  An orc wizard (D:3)
  2 adders
  A dart slug (D:2)
  An orc (D:3)
  8 ball pythons
  7 bats
  7 endoplasms
  3 giant cockroaches (D:1)
  11 goblins
  A hobgoblin (D:2)
  7 kobolds
  A quokka (D:2)
  A frilled lizard (D:2)
  4 rats
55 creatures vanquished.

Notes
Turn   | Place    | Note
-------+----------+-------------------------------------------
     0 | D:1      | frimble the Octopode Warper began the quest for the Orb.
     0 | D:1      | Reached XP level 1. HP: 14/14 MP: 3/3
    82 | D:1      | Reached XP level 2. HP: 19/19 MP: 5/5
   743 | D:1      | Reached XP level 3. HP: 24/24 MP: 6/6
  1057 | D:2      | Learned a level 2 spell: Blink
  1076 | D:2      | Reached skill level 1 in Stealth
  1265 | D:2      | Reached XP level 4. HP: 29/29 MP: 7/7
  1933 | D:3      | Killed from afar by an orc priest

Illustrated notes

Levels and vault maps discovered:
D:1:      dpeg_arrival_rooms_c, layout_basic
D:2:      layout_basic, minivault_25
D:3:      layout_rooms

Skill      XL: |  1  2  3  4 |
---------------+-------------+-----
Stealth        | 1 2 |  2.6
Dodging        | 3 |  3.2
Short Blades   | 3 |  3.1
Fighting       | |  2.2
Throwing       | |  1.3
Spellcasting   | |  2.1
Translocations | |  3.1

Action                     |  1- 3 |  4- 6 || total
---------------------------+-------+-------++-------
  Melee: Short sword       |    24 |       ||    24
         Constrict         |    15 |     5 ||    20
         Tentacles         |    12 |     6 ||    18
         Dagger            |    52 |    33 ||    85
  Throw: Boomerang         |     3 |       ||     3
    Use: Scroll            |     3 |     1 ||     4
         Potion            |       |     1 ||     1
   Stab: Sleeping          |     7 |     2 ||     9
         Distracted        |     1 |       ||     1
 Armour: Skin              |     8 |     3 ||    11
  Dodge: Dodged            |    47 |    19 ||    66

Table legend: (Time is in decaauts)
 A = Elapsed time spent in this place.
 B = Non-inter-level travel time spent in this place.
 C = Inter-level travel time spent in this place.
 D = Time resting spent in this place.
 E = Time spent auto-exploring this place.
 F = Levels seen in this place.
 G = Mean time per level.
                   A        B        C        D        E       F      G
               +--------+--------+--------+--------+--------+-----+--------+
         Total |   1919 |   1886 |     33 |      0 |   1583 |   3 |  639.7 |
       Dungeon |   1919 |   1886 |     33 |      0 |   1583 |   3 |  639.7 |
               +--------+--------+--------+--------+--------+-----+--------+

Top non-repeatable levels by time:
     D:1: 1033 daAuts
     D:2: 821 daAuts
     D:3: 64 daAuts
